 Dungeon Crawl Stone Soup version 0.20.1-1-g8b1a95d (webtiles) character file.

123 Folque the Magician (level 5, 0/36 HPs)
             Began as an Octopode Wizard on Oct 28, 2017.
             Killed from afar by Ymberto's ghost (21 damage)
             ... with a flame tongue
             ... on level 3 of the Dungeon.
             The game lasted 00:18:29 (2418 turns).

Folque the Magician (Octopode Wizard)               Turns: 2418, Time: 00:18:29

Health: 0/36       AC:  1    Str:  6    XL:     5   Next: 7%
Magic:  7/11       EV: 13    Int: 21    God:
Gold:   109        SH:  0    Dex: 11    Spells: 7/12 levels left

rFire    . . .     SeeInvis .   y - +0 halberd
rCold    . . .     Gourm    .   (shield currently unavailable)
rNeg     . . .     Faith    .   a - +0 hat
rPois    .         Spirit   .   (no amulet)
rElec    .         Reflect  .   m - ring of flight
rCorr    .         Harm     .   (no ring)
MR       .....                  (no ring)
Stlth    +++.......             (no ring)
Regen    0.2/turn               (no ring)
MPRegen  0.2/turn               (no ring)
                                (no ring)
                                (no ring)

@: very slightly contaminated
A: almost no armour, stealthy swim, amphibious, 8 rings, constrict 8, camouflage
1, gelatinous body 1
a: Evoke Flight


You were on level 3 of the Dungeon.
You were not hungry.

You visited 1 branch of the dungeon, and saw 3 of its levels.

You collected 109 gold pieces.

Inventory:

Hand Weapons
 e - a +0 whip
 h - a +0 club
 j - a +0 short sword
 o - a +0 spear
 y - a +0 halberd (weapon)
Armour
 a - a +0 hat (worn)
Jewellery
 m - a ring of flight (left tentacle)
Scrolls
 d - a scroll of blinking {unknown}
 f - a scroll of remove curse {unknown}
 i - a scroll of fog {unknown}
 l - 3 scrolls of teleportation {unknown}
 n - a scroll of amnesia {unknown}
 p - a scroll of identify
 r - a scroll of recharging {unknown}
 t - a scroll of immolation {unknown}
 v - a scroll of enchant weapon {unknown}
Potions
 k - 2 potions of flight
 w - a potion of brilliance {unknown}
Books
 b - a book of Minor Magic

   Spells                             Type                      Level
   a - Magic Dart                     Conjuration                  1
   b - Blink                          Translocation                2
   c - Call Imp                       Summoning                    2
   d - Slow                           Hexes                        2
   e - Conjure Flame                  Conjuration/Fire             3
   f - Mephitic Cloud                 Conjuration/Poison/Air       3
Comestibles
 c - 2 bread rations
 s - a royal jelly
 u - 3 fruits
 x - a meat ration


   Skills:
 + Level 3.0 Fighting
 - Level 2.0 Dodging
 - Level 2.6 Stealth
 + Level 4.0 Spellcasting
 - Level 1.0 Conjurations
 * Level 1.7 Summonings
 - Level 1.0 Translocations


You had 7 spell levels left.
You knew the following spells:

 Your Spells              Type           Power        Failure   Level  Hunger
a - Magic Dart            Conj           #...         8%          1    None
b - Call Imp              Summ           ##......     9%          2    #......
c - Blink                 Tloc           N/A          12%         2    #......


Dungeon Overview and Level Annotations

Branches:
Dungeon (3/15)

Altars:

Annotations:
D:3 Ymberto's ghost, amateur DEFE


Innate Abilities, Weirdness & Mutations

You cannot wear most types of armour.
You are very stealthy in the water. (Stealth+)
You are amphibious.
You can wear up to eight rings at the same time.
You can use your tentacles to constrict eight enemies at once.
Your skin changes colour to match your surroundings (Stealth+).
Your rubbery body absorbs attacks. (AC +1, EV +1)


Message History

You reach to attack!
You hit Ymberto's ghost.
Ymberto's ghost is moderately damaged.
Ymberto's ghost points at you and mumbles some strange words.
The flame tongue hits your white imp.
Your white imp is burned terribly!
Your white imp dies!
Your crimson imp hits Ymberto's ghost.
Ymberto's ghost casts a spell at you. The flame tongue hits you!
Your crimson imp blinks!
You see here a mace.
Casting: Call Imp
Confirm with . or Enter, or press ? or * to list all spells.
You miscast Call Imp.
You are very lightly contaminated with residual magic.
The world appears momentarily distorted.
Ymberto's ghost casts a spell at you. The flame tongue hits you!
Ouch! That really hurt!
You die...

#..........# ##.#####
#.#######..####.#.#### #.#
#......###.... #.#
#..###..#.##.# #.#
##..###.#.###.# #.##
#...#.....# #.# #..##
#.#.#.#.### #.#
#####...####.#.....# #..
#.5....W.@<..#.#.### #.#
##.###...####.#..#.## #.#
###...###.##
#.#.###.#####.#
#.(.......# #..##
##......# ##.#...#####
#.#.###.#####.#
........ยง..######.##.#.##
#.#
######.......>....###.##
#.# ##.##........# #.# #.#
#.########### #.# #.#


You could see Ymberto's ghost and a friendly crimson imp.

Vanquished Creatures
  3 gnolls (D:3)
  2 adders
  2 worms
  2 leopard geckos
  A ball python (D:1)
  3 giant cockroaches
  8 goblins
  8 hobgoblins
  3 jackals (D:1)
  8 kobolds
  A quokka (D:3)
  6 bats
  4 frilled lizards
  5 rats
56 creatures vanquished.

Vanquished Creatures (collateral kills)
  An adder (D:2)
  2 worms (D:2)
  A bat (D:2)
  A giant cockroach (D:2)
  A goblin (D:2)
  A kobold (D:3)
7 creatures vanquished.

Grand Total: 63 creatures vanquished

Notes
Turn   | Place    | Note
-------+----------+-------------------------------------------
     0 | D:1      | Folque the Octopode Wizard began the quest for the Orb.
     0 | D:1      | Reached XP level 1. HP: 11/11 MP: 4/4
   299 | D:1      | Reached XP level 2. HP: 14/18 MP: 1/6
   303 | D:1      | Learned a level 2 spell: Call Imp
   306 | D:1      | Learned a level 2 spell: Blink
   324 | D:1      | Reached skill level 1 in Fighting
   680 | D:1      | Reached XP level 3. HP: 22/24 MP: 7/7
  1363 | D:2      | Reached XP level 4. HP: 30/30 MP: 3/9
  1803 | D:3      | Noticed Ymberto's ghost (amateur DEFE)
  2061 | D:3      | Reached skill level 4 in Spellcasting
  2061 | D:3      | Reached XP level 5. HP: 3/36 MP: 0/11
  2418 | D:3      | Killed from afar by Ymberto's ghost

Skill      XL: |  1  2  3  4 |
---------------+-------------+-----
Fighting       | 1 2 3 |  3.0
Spellcasting   | 4 |  4.0
Dodging        | |  2.0
Stealth        | |  2.6
Conjurations   | |  1.0
Summonings     | |  1.7
Translocations | |  1.0

Action                   |  1- 3 |  4- 6 || total
-------------------------+-------+-------++-------
Melee: Whip              |    38 |       ||    38
       Constrict         |    14 |    14 ||    28
       Tentacles         |     9 |     4 ||    13
       Short sword       |    18 |       ||    18
       Spear             |     3 |    77 ||    80
       Halberd           |       |    10 ||    10
 Cast: Magic Dart        |    36 |    15 ||    51
       Call Imp          |     7 |     7 ||    14
  Use: Scroll            |     2 |       ||     2
       Potion            |       |     2 ||     2
 Stab: Sleeping          |     7 |     4 ||    11
  Eat: Chunk             |     2 |     3 ||     5
Armor: Skin              |     4 |     3 ||     7
Dodge: Dodged            |    41 |    35 ||    76
